 Dungeon Crawl Stone Soup version 0.24-a0-91-g4e4936a (console) character file.

Game seed: 1773465129254903547

7 Duffy the Sneak (level 2, 0/22 HPs)
             Began as a Naga Fire Elementalist on Feb 8, 2019.
             Slain by an adder (5 damage)
             ... on level 2 of the Dungeon.
             The game lasted 00:00:26 (497 turns).

Duffy the Sneak (Naga Fire Elementalist)             Turns: 497, Time: 00:00:27

Health: 0/22       AC:  1    Str: 10    XL:     2   Next: 0%
Magic:  0/5        EV: 10    Int: 15    God:
Gold:   50         SH:  0    Dex: 11    Spells: 4/5 levels left

rFire    . . .     SeeInvis +   c - 3 rations
rCold    . . .     Gourm    .   (no shield)
rNeg     . . .     Faith    .   a - +0 robe
rPois    +         Spirit   .   (no helmet)
rElec    .         Reflect  .   (no cloak)
rCorr    .         Harm     .   (no gloves)
MR       .....                  (no barding)
Stlth    ++........             (no amulet)
HPRegen  0.07/turn              (no ring)
MPRegen  0.09/turn              (no ring)

@: lethally poisoned (0 -> -6), very slow
A: large, see invisible, deformed body, poison resistance, slowness 2, slow
metabolism 1, spit poison 1, AC +0
a: Spit Poison


You were on level 2 of the Dungeon.
You were not hungry.

You visited 1 branch of the dungeon, and saw 2 of its levels.

You collected 50 gold pieces.

Inventory:

Armour
 a - a +0 robe (worn)
Scrolls
 b - 2 scrolls of identify {unknown}
Potions
 d - a potion of mutation {unknown}
Comestibles
 c - 3 rations (in hand)


   Skills:
 - Level 1.5 Dodging
 - Level 3.0 Stealth
 - Level 2.0 Spellcasting
 + Level 2.0 Conjurations
 - Level 3.0 Fire Magic


You had 4 spell levels left.
You knew the following spells:

 Your Spells              Type           Power        Failure   Level  Hunger
h - Flame Tongue          Conj/Fire      #....        8%          1    #......

Your spell library contained the following spells:

 Spells                   Type           Power        Failure   Level  Hunger
 Throw Flame              Conj/Fire      #.....       12%         2    ###....
 Conjure Flame            Conj/Fire      #.......     24%         3    ###....
 Inner Flame              Hex/Fire       #.......     34%         3    ###....
 Sticky Flame             Conj/Fire      #.......     61%         4    #####..
 Fireball                 Conj/Fire      #.........   91%         5    ######.


Dungeon Overview and Level Annotations

Branches:
Dungeon (2/15)

Altars:


Innate Abilities, Weirdness & Mutations

You cannot wear boots.
Your serpentine skin is tough. (AC +0)
You have supernaturally acute eyesight. (SInv)
Armour fits poorly on your strangely shaped body.
Your system is resistant to poisons. (rPois)
You cover ground very slowly.
You have a slow metabolism.
You can spit poison.


Message History

The adder closely misses you.
Cast which spell? (? or * to list)
Aiming: Flame Tongue (safe; 9% risk of failure)
Press: ? - help, Shift-Dir - straight line, f/p - goblin
Aim: a goblin, wielding a -3 club (severely wounded)
The flame tongue misses the goblin.
You feel sick.
The goblin hits you with a cursed -3 club.
The adder barely misses you.
Cast which spell? (? or * to list)
Aiming: Flame Tongue (safe; 9% risk of failure)
Press: ? - help, Shift-Dir - straight line, f/p - goblin
Aim: a goblin, wielding a -3 club (severely wounded)
The flame tongue hits the goblin!
You kill the goblin!
Your Conjurations skill increases to level 2!
You have reached level 2!
You have got your breath back.
The adder barely misses you.
You feel sick. The adder bites you.
You die...

# #########.###
##....<#.....##
##.....S.......#
#......@........
#...............
#...............
#...............
#...............
#...............
##....$........#
##.....#.....#


You could see an adder.

Vanquished Creatures
  2 goblins
  2 hobgoblins (D:1)
  2 rats (D:1)
6 creatures vanquished.

Notes
Turn   | Place    | Note
-------+----------+-------------------------------------------
     0 | D:1      | Duffy the Naga Fire Elementalist began the quest for the
                  | Orb.
     0 | D:1      | Reached XP level 1. HP: 15/15 MP: 3/3
   496 | D:2      | Reached XP level 2. HP: 6/22 MP: 0/5
   497 | D:2      | Slain by an adder

Levels and vault maps discovered:
D:1:      evilmike_arrival_hilbert_curve, layout_basic, nrook_loot_triangle,
          minmay_misc_feat_cross
D:2:      layout_rooms, nicolae_overflow_hidden_temple, first_ration

Skill      XL: |  1 |
---------------+----+-----
Conjurations   | 2 |  2.0
Dodging        | |  1.5
Stealth        | |  3.0
Spellcasting   | |  2.0
Fire Magic     | |  3.0

Action                   || total
-------------------------++-------
 Cast: Flame Tongue      ||     9
 Abil: Spit Poison       ||     5
Dodge: Dodged            ||    12

Table legend:
 A = Non-vault XP
 B = Vault XP
 C = Vault XP percentage of total XP
 D = Non-vault monster count
 E = Vault monster count
 F = Vault count percentage of total count
                 A         B        C        D         E       F
            +---------+---------+-------+---------+---------+-------
      Total |      10 |       0 |   0.0 |       6 |       0 |   0.0
            +---------+---------+-------+---------+---------+-------
        D:1 |       8 |       0 |   0.0 |       5 |       0 |   0.0
        D:2 |       2 |       0 |   0.0 |       1 |       0 |   0.0
            +---------+---------+-------+---------+---------+-------
